 Dungeon Crawl Stone Soup version 0.20.0 (webtiles) character file.

3329 Llamajah the Cleaver (level 10, -2/79 HPs)
             Began as a Formicid Fighter on June 15, 2017.
             Was a Priest of Okawaru.
             Slain by a two-headed ogre
             ... wielding a +0 giant club
              (14 damage)
             ... on level 7 of the Dungeon.
             The game lasted 00:23:53 (8504 turns).

Llamajah the Cleaver (Formicid Fighter)             Turns: 8504, Time: 00:23:53

Health: -2/79      AC: 14    Str: 25    XL:     10   Next: 22%
Magic:  10/10      EV:  8    Int:  7    God:    Okawaru [***...]
Gold:   344        SH: 11    Dex: 10    Spells: 9/9 levels left

rFire    . . .     SeeInvis +   k - +0 war axe
rCold    . . .     Gourm    .   c - +0 shield
rNeg     . . .     Faith    .   h - +0 plate armour
rPois    .         Spirit   .   (helmet unavailable)
rElec    .         Reflect  .   (no cloak)
rCorr    .         Harm     .   (no gloves)
MR       +....                  s - +0 pair of boots
Stlth    ..........             (no amulet)
Regen    0.3/turn               (no ring)
MPRegen  0.2/turn               (no ring)

@: no status effects
A: permanent stasis, dig shafts and tunnels, four strong arms, antennae 3
a: Dig, Shaft Self, Heroism, Renounce Religion


You were on level 7 of the Dungeon.
You worshipped Okawaru.
Okawaru was most pleased with you.
You were hungry.

You visited 1 branch of the dungeon, and saw 7 of its levels.
You also visited: Sewer.

You collected 344 gold pieces.

Inventory:

Hand Weapons
 k - a +0 war axe (weapon)
 q - a +0 battleaxe
Armour
 c - a +0 shield (worn)
 h - a +0 plate armour (worn)
 s - a +0 pair of boots (worn)
Jewellery
 w - a +3 amulet of reflection {unknown}
Wands
 b - a wand of scattershot (0/9)
 r - a wand of flame (33/48)
 t - a wand of flame (9/48)
Scrolls
 e - 10 scrolls of identify {unknown}
 j - 3 scrolls of teleportation {unknown}
 m - 2 scrolls of blinking {unknown}
 n - a scroll of amnesia {unknown}
 o - a scroll of fear {unknown}
 v - 4 scrolls of magic mapping {unknown}
 y - a scroll of immolation {unknown}
 A - a scroll of fog {unknown}
 B - 2 scrolls of remove curse {unknown}
Potions
 l - 2 potions of resistance {unknown}
 u - 2 potions of brilliance
 x - a potion of flight
Books
 p - a book of Conjurations

   Spells                             Type                      Level
   a - Magic Dart                     Conjuration                  1
   b - Searing Ray                    Conjuration                  2
   c - Dazzling Spray                 Conjuration/Hexes            3
   d - Fulminant Prism                Conjuration/Hexes            4
   e - Force Lance                    Conjuration/Translocation    4
   f - Iskenderun's Mystic Blast      Conjuration                  4
 z - a book of Geomancy

   Spells                             Type                      Level
   a - Sandblast                      Earth                        1
   b - Passwall                       Transmutation/Earth          2
   c - Stone Arrow                    Conjuration/Earth            3
   d - Petrify                        Transmutation/Earth          4
   e - Lee's Rapid Deconstruction     Earth                        5
Comestibles
 a - 2 fruits
 d - 3 chunks of flesh
 f - 8 bread rations
 g - 3 meat rations
 i - 2 royal jellies


   Skills:
 + Level 7.5 Fighting
 * Level 8.0 Axes
 + Level 6.8 Armour
 + Level 4.8 Dodging
 + Level 7.7 Shields


You had 9 spell levels left.
You didn't know any spells.

Dungeon Overview and Level Annotations

Branches:
Dungeon (7/15)             Temple (0/1) D:6

Altars:
Ashenzari
Elyvilon
Gozag
Hepliaklqana
Kikubaaqudgha
Okawaru
Sif Muna
Uskayaw
Vehumet
Xom

Shops:
D:6 (

Annotations:
D:7 1 runed door


Innate Abilities, Weirdness & Mutations

You cannot be hasted, slowed, berserked, paralysed or teleported.
You can dig through walls and to a lower floor.
Your four strong arms can wield two-handed weapons with a shield.
You have a pair of large antennae on your head. (SInv)


Message History

The two-headed ogre barely misses you.
The two-headed ogre hits you with a dire flail.
You slash the two-headed ogre!
The two-headed ogre is severely wounded.
The two-headed ogre hits you but does no damage. x2
You slash the two-headed ogre!
The two-headed ogre is almost dead.
You block the two-headed ogre's attack.
The two-headed ogre hits you with a dire flail.
You hit the two-headed ogre.
The two-headed ogre is almost dead.
The two-headed ogre hits you with a giant club!!
* * * LOW HITPOINT WARNING * * *
The two-headed ogre hits you with a dire flail!
* * * LOW HITPOINT WARNING * * *
You are too injured to fight recklessly!
Your shield and plate armour prevent you from hitting the two-headed ogre.
The two-headed ogre is almost dead.
The two-headed ogre hits you with a giant club!
You die...

#.##...#.[...##...##....##.
#...†..[....###.#....#####.
#....#._.#...........### #.
#..#...............#...###.
#..#...#..(.............##.
#..#.......................
####.....######............
#.....### #...........#
#.....O@####.........#.#
#.....#..............###
#.... ######.........# #...
##.......## #.. #.........#
## #.........# #.........#
#.........# #.........#


You could see a two-headed ogre.

Vanquished Creatures
  The ghost of zilverxoul the Covert, a novice FeMo of Hepliaklqana (D:6)
  The ghost of Geoffrax the Bolt Thrower, an amateur DgHu (D:3)
  A steam dragon (D:7)
  Edmund (D:5)
  3 orc warriors
  3 sky beasts (D:5)
  An ice beast (D:6)
  5 ogres
  A centaur (D:6)
  A big kobold (D:7)
  6 bullfrogs
  4 killer bees (D:6)
  A howler monkey (D:6)
  A crimson imp (D:5)
  A jelly (D:7)
  A centaur skeleton (D:4)
  2 orc priests
  3 bullfrog skeletons
  2 gnoll shamans (D:7)
  3 hounds
  2 orc wizards (D:6)
  Ijyb (D:4)
  Terence (D:3)
  An iguana (D:4)
  3 worker ants
  2 hound skeletons
  10 gnolls
  A worker ant zombie (D:6)
  7 adders
  4 shadow imps
  2 oozes (D:2)
  2 adder skeletons (D:5)
  6 worms
  2 dart slugs (D:2)
  A leopard gecko (D:7)
  19 orcs
  10 bats
  5 giant cockroaches
  6 goblins
  7 hobgoblins
  15 jackals
  5 quokkas
  5 ball pythons
  12 frilled lizards
  A jackal skeleton (D:5)
  11 kobolds
  9 rats
  8 plants
200 creatures vanquished.

Notes
Turn   | Place    | Note
-------+----------+-------------------------------------------
     0 | D:1      | Llamajah the Formicid Fighter began the quest for the Orb.
     0 | D:1      | Reached XP level 1. HP: 18/18 MP: 1/1
    46 | D:1      | Found a shattered altar of Ashenzari.
   247 | D:1      | Reached XP level 2. HP: 22/24 MP: 2/2
   741 | D:2      | Reached XP level 3. HP: 30/30 MP: 3/3
  1159 | D:2      | Reached XP level 4. HP: 35/37 MP: 4/4
  1545 | D:3      | Noticed Terence
  1565 | D:3      | Killed Terence
  1565 | D:3      | Reached skill level 1 in Dodging
  1786 | D:3      | Reached XP level 5. HP: 28/43 MP: 5/5
  1950 | D:3      | Found a shimmering altar of Xom.
  2033 | D:3      | Found a glowing drain.
  2047 | Sewer    | Entered a sewer
  3642 | D:3      | Noticed Geoffrax's ghost (amateur DgHu)
  3667 | D:3      | Killed Geoffrax's ghost
  3667 | D:3      | Reached skill level 5 in Fighting
  3667 | D:3      | Reached skill level 3 in Axes
  3667 | D:3      | Reached XP level 6. HP: 27/51 MP: 6/6
  3904 | D:4      | Reached XP level 7. HP: 23/56 MP: 7/7
  4159 | D:4      | Found a hazy altar of Hepliaklqana.
  4179 | D:4      | Noticed Ijyb
  4183 | D:4      | Reached skill level 4 in Axes
  4183 | D:4      | Reached skill level 5 in Shields
  4190 | D:4      | Killed Ijyb
  4290 | D:4      | Found a shattered altar of Ashenzari.
  4522 | D:4      | Found an iron altar of Okawaru.
  4531 | D:4      | Became a worshipper of Warmaster Okawaru
  4754 | D:5      | Entered Level 5 of the Dungeon
  4759 | D:5      | Noticed Edmund
  4767 | D:4      | Reached XP level 8. HP: 49/63 MP: 8/8
  4849 | D:5      | Killed Edmund
  4849 | D:5      | Reached skill level 5 in Axes
  4849 | D:5      | Reached skill level 5 in Armour
  5173 | D:5      | Reached * piety under Okawaru
  5439 | D:5      | Found a hide-covered altar of Uskayaw.
  5439 | D:5      | Noticed a dagger
  5440 | D:5      | Noticed a dagger
  5539 | D:5      | Reached skill level 6 in Axes
  5539 | D:5      | Reached XP level 9. HP: 49/71 MP: 9/9
  5681 | D:6      | Found a staircase to the Ecumenical Temple.
  5773 | D:6      | Reached ** piety under Okawaru
  5835 | D:6      | Found a deep blue altar of Sif Muna.
  5958 | D:6      | Found an ancient bone altar of Kikubaaqudgha.
  5959 | D:6      | Found a radiant altar of Vehumet.
  5959 | D:6      | Found an opulent altar of Gozag.
  5959 | D:6      | Found a shimmering altar of Xom.
  5959 | D:6      | Found a white marble altar of Elyvilon.
  5991 | D:6      | Noticed zilverxoul's ghost (novice FeMo)
  6304 | D:6      | Found Furir's Antique Weapon Boutique.
  6594 | D:6      | HP: 5/106 [poisoned by a killer bee]
  6612 | D:6      | HP: 5/106 [poisoned by a killer bee]
  6618 | D:6      | HP: 4/106 [poisoned by a killer bee]
  6626 | D:6      | HP: 2/71 [poisoned by a killer bee]
  6634 | D:6      | HP: 1/71 [poisoned by a killer bee]
  7348 | D:6      | Killed zilverxoul's ghost
  7348 | D:6      | Reached skill level 7 in Axes
  7711 | D:7      | Found a runed door.
  7806 | D:7      | Found a radiant altar of Vehumet.
  7911 | D:7      | Reached XP level 10. HP: 35/79 MP: 10/10
  8135 | D:7      | Reached *** piety under Okawaru
  8427 | D:7      | Reached skill level 8 in Axes
  8492 | D:7      | Noticed a two-headed ogre
  8504 | D:7      | Slain by a two-headed ogre

Skill      XL: |  1  2  3  4  5  6  7  8  9 10 |
---------------+-------------------------------+-----
Fighting       | 4 5 6 7 |  7.5
Shields        | 4 5 6 7 |  7.7
Dodging        | 1 2 3 4 |  4.8
Armour         | 4 5 6 |  6.8
Axes           | 3 4 6 7 8 |  8.0

Action                   |  1- 3 |  4- 6 |  7- 9 | 10-12 || total
-------------------------+-------+-------+-------+-------++-------
Melee: War axe           |   113 |   367 |    58 |    80 ||   618
       Battleaxe         |       |    76 |   330 |       ||   406
Evoke: Wand              |       |       |     7 |       ||     7
  Use: Potion            |       |     5 |     9 |       ||    14
 Stab: Invisible         |       |       |     2 |       ||     2
  Eat: Chunk             |     1 |    11 |     9 |     2 ||    23
       Royal jelly       |       |       |     2 |       ||     2
Armor: Scale mail        |    59 |   126 |       |       ||   185
       Chain mail        |       |    20 |    97 |       ||   117
       Plate armour      |       |       |    54 |    24 ||    78
       Skin              |       |       |    23 |       ||    23
Dodge: Dodged            |    41 |   103 |   125 |    24 ||   293
Block: Shield            |    84 |   171 |   263 |    56 ||   574
